 Dungeon Crawl Stone Soup version 0.31-a0-7-g51783674b7 (console) character file.

Game seed: 12371722088334877265

872 petzl the Sneak (level 8, -1/58 HPs)
             Began as a Formicid Delver on May 6, 2023.
             Was an Initiate of Vehumet.
             Slain by an ogre
             ... wielding a +0 giant spiked club
              (23 damage)
             ... on level 6 of the Dungeon.
             The game lasted 00:23:58 (6669 turns).

petzl the Sneak (Formicid Delver)                   Turns: 6669, Time: 00:24:04

Health: -1/58      AC: 14    Str: 16    XL:     8   Next: 24%
Magic:  16/16      EV: 11    Int: 13    God:    Vehumet [......]
Gold:   203        SH:  0    Dex: 15    Spells: 15/18 levels left

rFire   . . .        a - +2 dagger (flame) {!f =f}
rCold   . . .        (no shield)
rNeg    . . .        H - +3 ring mail
rPois   .            (helmet unavailable)
rElec   .            v - +0 cloak
rCorr   .            (no gloves)
SInv    +            g - +0 pair of boots
Will    +....        (no amulet)
Stlth   +++          n - ring of willpower
HPRegen 0.29/turn    i - +4 ring of protection
MPRegen 0.15/turn

%: no passive effects
@: no status effects
A: permanent stasis, dig shafts and tunnels, antennae 3, four strong arms
a: Dig, Shaft Self, Renounce Religion


You were on level 6 of the Dungeon.
You worshipped Vehumet.
Vehumet was noncommittal.
You visited 1 branch of the dungeon, and saw 7 of its levels.

You collected 203 gold pieces.

Inventory:

Hand Weapons
 a - a +2 dagger of flaming (weapon) {!f =f}
 b - a +0 sling
 e - a +1 dagger of electrocution {!f =f}
 j - a +0 mace
 u - a +0 rapier
 A - a +0 whip of holy wrath
Missiles
 m - 2 silver boomerangs
 I - 3 poisoned darts
Armour
 g - a +0 pair of boots (worn)
 v - a +0 cloak (worn)
 H - a +3 ring mail (worn)
Jewellery
 i - a +4 ring of protection (right hand)
 n - a ring of willpower (left hand)
 w - a +5 ring of evasion
 z - an amulet of faith
Wands
 f - a wand of digging (3)
 J - a wand of charming (14)
Scrolls
 c - 2 scrolls of fog
 d - a scroll of magic mapping
 h - 2 scrolls of enchant armour {unknown}
 k - a scroll of brand weapon {unknown}
 p - a scroll of silence {unknown}
 y - 2 scrolls of identify {unknown}
 B - a scroll of torment {unknown}
 C - 2 scrolls of vulnerability {unknown}
 D - 2 scrolls of immolation {unknown}
 E - a scroll of teleportation {unknown}
 F - a scroll of enchant weapon {unknown}
Potions
 o - 2 potions of attraction {unknown}
 q - 3 potions of heal wounds {unknown}
 r - 5 potions of might {unknown}
 s - a potion of berserk rage {unknown}
 t - a potion of flight {unknown}
 x - a potion of cancellation {unknown}
 G - 4 potions of lignification {unknown}


   Skills:
 - Level 3.2 Fighting
 - Level 2.0 Maces & Flails
 - Level 4.0 Ranged Weapons
 - Level 1.7 Dodging
 - Level 6.0 Stealth
 + Level 5.9 Spellcasting
 + Level 4.5 Ice Magic


You had 15 spell levels left.
You knew the following spells:

 Your Spells              Type           Power      Damage    Failure   Level
A - Ozocubu's Armour      Ice            15%        N/A       16%         3

Your spell library contained the following spells:

 Spells                   Type           Power      Damage    Failure   Level
 Ensorcelled Hibernation  Hex/Ice        18%        N/A       19%         2
 Scorch                   Fire           6%         2d5       45%         2
 Inner Flame              Hex/Fire       3%         N/A       69%         3
 Spider Form              Tmut/Pois      3%         N/A       69%         3
 Anguish                  Hex/Necr       1%         N/A       97%         4
 Flame Wave               Conj/Fire      3%         2d5       97%         4
 Yara's Violent Unravell  Hex/Tmut       1%         3d3       100%        5
 Summon Cactus Giant      Summ           1%         N/A       100%        6
 Enfeeble                 Hex            1%         N/A       100%        7
 Ozocubu's Refrigeration  Ice            7%         4d9       100%        7


Dungeon Overview and Level Annotations

Branches:
Dungeon (7/15)             Temple (0/1) D:5

Altars:
Ru
Vehumet

Annotations:
D:2 1 runed translucent door, Crazy Yiuf, Sigmund
D:4 exclusions: 3 downstairs and scorpion, Eustachio
D:5 Duvessa
D:6 exclusion: downstairs
D:7 exclusion: upstairs


Innate Abilities, Weirdness & Mutations

You cannot be hasted, slowed, berserked, paralysed or teleported.
You can dig through walls and to a lower floor.
You have a pair of large antennae on your head. (SInv)
Your four strong arms can wield two-handed weapons with a shield.


Message History

Reduced exclusion size to a single square.
Unknown command.
J - a wand of charming (14)
There is a stone staircase leading down here.
An orc comes into view. It is wielding a +0 hand axe.
The orc shouts!
You shoot a sling bullet. The sling bullet hits the orc!
You kill the orc!
Vehumet accepts your kill.
No target in view!
No target in view!
Things that are here:
a +0 hand axe {!f =f}; an orc corpse An ogre comes into view.
It is wielding a +0 giant spiked club.
The ogre shouts!
You shoot a sling bullet.
The sling bullet closely misses the ogre.
Your +2 dagger of flaming {!f =f} bursts into flame!
a - a +2 dagger of flaming (weapon)
{!f =f} The ogre hits you with a +0 giant spiked club!!
You hit the ogre but do no damage. You hit the ogre. You burn the ogre.
The ogre is lightly wounded.
The ogre hits you with a +0 giant spiked club!
Save game and exit?
Level annotation: exclusion: downstairs Welcome back, petzl the Formicid Delver.
Vehumet says: Let it end in hellfire!
Press ? for a list of commands and other information.
Aiming: Charm
Press: ? - help, Shift-Dir - straight line, f - ogre
Aim: an ogre, wielding a +0 giant spiked club (lightly wounded, chance to affect: 49%)
Okay, then.
Throw: throwing net
Press: ? - help, Q - select action, (/) - cycle Shift-Dir - straight line, f - ogre
Aim: an ogre, wielding a +0 giant spiked club (lightly wounded, 74% to hit)
You throw a throwing net.
The throwing net barely misses the ogre.
The ogre hits you with a +0 giant spiked club!!
You die...

........####..............# ##.####
..........................# #.# #
.........##...............####.# #
#..##....##.#####.....)...#....# #
.......#.##.#####.....)........# #
##.........##...####...#.......# #
...........##...#......#.......####
.....#.#.#.##...#......#.......#..#
##.......#.##...#...####...........
#...........[<..........######....
##..##.#......###.#.##.### #....
..............##.....#.##########..
###.......###.###....#.#.#.........
..........###........#.#.#.........
##........#...#.##.................
...####...#...#...............###..
.#.#####............####.#......#..
.#.......##...####.........##...###
.####..).........@.......##.......#
.# ########.######O..#...##.......#
.# #....###.# #...#............#
.###........# ##..##..#####....#
<.#.....##### #..##..##.##.....
........#### .......#..{#.####
............ .......#l{~#.# #
.....#####.. ....... #{~.#.# #
[....# #..#....#.~ #.# # .<)..#
#..#....# #.. # .....# #.. # .....#
..# # ≈...## ≈...# ≈≈..# ≈≈..#
≈≈... ≈≈..## ≈≈..#


You could see an ogre.

Vanquished Creatures
  An ogre (D:6)
  A phantom (D:6)
  2 water moccasin zombies (D:5)
  2 bullfrog zombies (D:5)
  2 orc priests
  2 hounds (D:4)
  A centaur skeleton (D:5)
  Jessica (D:3)
  A scorpion zombie (D:5)
  A sleepcap (D:5)
  An iguana (D:4)
  4 orc wizards
  2 hound zombies (D:5)
  2 howler monkey skeletons (D:5)
  2 adders
  A white imp (D:7)
  An ufetubus (D:6)
  3 dart slugs
  20 orcs
  8 endoplasms
  3 giant cockroaches
  6 goblins
  3 hobgoblins (D:1)
  4 jackals (D:1)
  5 quokkas
  7 ball pythons
  4 bats
  3 frilled lizards
  4 kobolds
  3 rats
100 creatures vanquished.

Vanquished Creatures (others)
  An orc (D:5)
  15 fungi (D:6)
  8 plants (D:7)
  3 withered plants (D:5)
27 creatures vanquished.

Grand Total: 127 creatures vanquished

Notes
Turn   | Place    | Note
-------+----------+-------------------------------------------
     0 | D:5      | petzl the Formicid Delver began the quest for the Orb.
     0 | D:5      | Reached XP level 1. HP: 18/18 MP: 1/1
    20 | D:5      | Noticed an ice beast
    29 | D:5      | Reached XP level 2. HP: 4/24 MP: 1/5
    29 | D:5      | Reached XP level 3. HP: 5/29 MP: 1/7
    35 | D:5      | Found a sacrificial altar of Ru.
   360 | D:4      | Noticed Eustachio
   494 | D:4      | Reached XP level 4. HP: 35/35 MP: 8/8
   584 | D:4      | Reached skill level 1 in Ranged Weapons
   635 | D:4      | Learned a level 3 spell: Ozocubu's Armour
   954 | D:2      | Found a runed translucent door.
   955 | D:2      | Noticed Crazy Yiuf
   995 | D:2      | Noticed Sigmund
  1029 | D:2      | Reached XP level 5. HP: 41/41 MP: 10/10
  1688 | D:1      | Reached skill level 1 in Ice Magic
  3024 | D:3      | You fall into a shaft and drop 2 floors!
  3292 | D:3      | Noticed Jessica
  3299 | D:3      | Killed Jessica
  3300 | D:3      | Reached XP level 6. HP: 47/47 MP: 12/12
  3962 | D:4      | Found a radiant altar of Vehumet.
  4097 | D:4      | Became a worshipper of Vehumet
  4466 | D:5      | Reached XP level 7. HP: 34/52 MP: 12/14
  4584 | D:5      | Found a staircase to the Ecumenical Temple.
  5016 | D:6      | Reached skill level 5 in Spellcasting
  5288 | D:6      | HP: 2/47 [orc priest/divine providence (11)]
  5461 | D:5      | Reached XP level 8. HP: 53/58 MP: 14/16
  5964 | D:5      | Noticed Duvessa
  6384 | D:7      | Noticed a gargoyle
  6669 | D:6      | Slain by an ogre

Illustrated notes

Levels and vault maps discovered:
D:1:      kilobyte_arrival_exit_the_forest, layout_basic
D:2:      layout_basic, uniq_crazy_yiuf_cottage, uniq_sigmund
D:3:      layout_basic, uniq_jessica
D:4:      layout_basic, vehumet_crystals, serial_shops, shop, minivault_11,
          uniq_eustachio
D:5:      layout_rooms, lemuel_doored_altar, amcnicky_altar_gilded,
          lemuel_temple_firewalk_b, serial_undead, serial_undead_a,
          serial_undead_d, serial_undead_d, serial_undead_c, serial_undead_b,
          serial_undead_b, uniq_duvessa
D:6:      layout_basic, serial_aquarium, aquarium_bridge_long_joined
          [aquarium_subvault_window, aquarium_subvault_bridge,
          aquarium_subvault_bridge, aquarium_subvault_bridge,
          aquarium_subvault_window, aquarium_subvault_wall], aquarium_window_1,
          aquarium_window_corridor_2, aquarium_view_2f, aquarium_balcony_3b,
          aquarium_pool_four, grunt_decor_junction
D:7:      cheibrodos_statue_roulette, layout_rooms, enter_bailey_8,
          chequers_big_river

Skill      XL: |  1  2  3  4  5  6  7 |
---------------+----------------------+-----
Spellcasting   | 2 3 4 5 |  5.9
Ranged Weapons | 1 2 3 4 |  4.0
Ice Magic      | 1 2 4 |  4.5
Fighting       | |  3.2
Maces & Flails | |  2.0
Dodging        | |  1.7
Stealth        | |  6.0

Action                     |  1- 3 |  4- 6 |  7- 9 || total
---------------------------+-------+-------+-------++-------
  Melee: Mace              |    32 |    27 |    45 ||   104
         Rapier            |       |   159 |   107 ||   266
         Punch             |       |     4 |     2 ||     6
         Whip              |       |       |    42 ||    42
         Dagger            |       |       |    57 ||    57
   Fire: Sling             |       |   166 |    43 ||   209
  Throw: Throwing net      |       |       |     1 ||     1
Ability: Dig               |       |     2 |     3 ||     5
         Shaft Self        |       |     1 |       ||     1
    Use: Potion            |       |       |     3 ||     3
         Scroll            |       |       |     1 ||     1
   Stab: Sleeping          |       |       |     1 ||     1
 Armour: Leather armour    |     4 |       |       ||     4
         Ring mail         |    10 |    64 |   127 ||   201
  Dodge: Dodged            |    30 |   208 |   194 ||   432

Table legend: (Time is in decaauts)
 A = Elapsed time spent in this place.
 B = Non-inter-level travel time spent in this place.
 C = Inter-level travel time spent in this place.
 D = Time resting spent in this place.
 E = Time spent auto-exploring this place.
 F = Levels seen in this place.
 G = Mean time per level.
                   A        B        C        D        E       F      G
               +--------+--------+--------+--------+--------+-----+--------+
         Total |   6826 |   6495 |    331 |   1229 |   2932 |   7 |  975.1 |
       Dungeon |   6826 |   6495 |    331 |   1229 |   2932 |   7 |  975.1 |
               +--------+--------+--------+--------+--------+-----+--------+

Top non-repeatable levels by time:
     D:4: 1577 daAuts
     D:6: 1230 daAuts
     D:3: 1169 daAuts
     D:1: 947 daAuts
     D:2: 858 daAuts
     D:5: 811 daAuts
     D:7: 231 daAuts
